 Dungeon Crawl Stone Soup version 0.31-a0-190-g4feb4907b2 (webtiles) character file.

Game seed: 5734869788945397143

19 qw the Shooter (level 2, -1/16 HPs)
             Began as a Deep Elf Hunter on June 23, 2023.
             Succumbed to their own poison gas
             ... on level 1 of the Dungeon.
             The game lasted 00:00:15 (816 turns).

qw the Shooter (Deep Elf Hunter)                     Turns: 816, Time: 00:00:16

Health: -1/16      AC:  3    Str:  8    XL:     2   Next: 55%
Magic:  4/4        EV: 12    Int: 13    God:
Gold:   47         SH:  0    Dex: 18    Spells: 1/1 levels left

rFire   . . .        Y - +0 shortbow
rCold   . . .        (shield currently unavailable)
rNeg    . . .        c - +0 leather armour
rPois   .            (no helmet)
rElec   .            (no cloak)
rCorr   .            (no gloves)
SInv    .            (no boots)
Will    .....        (no amulet)
Stlth   ++           (no ring)
HPRegen 0.22/turn    (no ring)
MPRegen 0.09/turn

%: no passive effects
@: brilliant, lethally poisoned (-1 -> -15)
A: no striking features
a: no special abilities


You were on level 1 of the Dungeon.
You visited 1 branch of the dungeon, and saw 1 of its levels.

You collected 47 gold pieces.


   Skills:
 - Level 1.5 Fighting
 + Level 6.3 Ranged Weapons
 - Level 2.4 Dodging
 - Level 1.2 Stealth


You had one spell level left.
You didn't know any spells.
Your spell library was empty.

Inventory:

Hand Weapons
 Y - a +0 shortbow (weapon)
Armour
 c - a +0 leather armour (worn)
Scrolls
 a - a scroll of identify
Potions
 f - a potion of curing {unknown}

Dungeon Overview and Level Annotations

Branches:
Dungeon (1/15)

Altars:


Message History

Done exploring.
810 ||| READING scroll labelled CUD UQODWEQ.
As you read the scroll labelled CUD UQODWEQ, it crumbles to dust.
The air around you briefly surges with heat, but it dissipates.
It was a scroll of immolation.
Done exploring.
811 ||| READING scroll labelled ITUXIQ PATAO.
As you read the scroll labelled ITUXIQ PATAO, it dissolves into smoke.
It was a scroll of fog.
Done exploring.
812 ||| DRINKING 3 coppery potions.
It was a potion of brilliance.
You feel clever all of a sudden.
Done exploring.
813 ||| DROPPING scroll of butterflies.
You drop a scroll of butterflies.
Done exploring.
814 ||| DROPPING 2 potions of brilliance.
You drop 2 potions of brilliance.
Done exploring.
(D) Dungeon
Where to? (* - list waypoints, ? - help)
What level of the Dungeon? (default 1, ? - help) Sorry, I don't know how to get there.
Enter note:
Enter note:
Enter note:
Enter note:
Enter note:
Enter note:
Enter note:
Enter note:
Enter note:
Enter note:
Enter note:
Enter note: Really walk into that cloud of poison gas?
You are engulfed in poison gas.
You are lethally poisoned!
Ouch! That really hurt!
You feel very sick.
816 ||| Stepping ~*~*~tactically~*~*~ (cloud).
You die...

#.# #.# #.# #.#
####### ###########
#.# ......#
#¤0¤¤.....# #.#
#####.#
##¤¤¤#####.###.#####
#.# #0¤¤¤¤¤#
#.#........ #.#
##¤@0#.###.#.....###
#.# #¤0##..........##
#.# #¤¤######.###.##
#.# #0#######.# #.#
#.# ####¤........# #.#
#.#
#..¤¤.....######'##
#.# #.##¤####.#
##...## ####.#
#.##¤####.# ##.....##
#....#
#.##.#.##.###.......##


There were no monsters in sight!

Vanquished Creatures
  2 endoplasms (D:1)
  A hobgoblin (D:1)
  3 quokkas (D:1)
  2 ball pythons (D:1)
  3 bats (D:1)
  A frilled lizard (D:1)
  4 kobolds (D:1)
  3 rats (D:1)
19 creatures vanquished.

Notes
Turn   | Place    | Note
-------+----------+-------------------------------------------
     0 | D:1      | qw the Deep Elf Hunter began the quest for the Orb.
     0 | D:1      | Reached XP level 1. HP: 12/12 MP: 3/3
     0 | D:1      | 0 ||| qw: Version: 0.3-a-9-g12657ce
     0 | D:1      | 0 ||| qw: Game counter: 4545
     0 | D:1      | 0 ||| qw: Always use a shield: true
     0 | D:1      | 0 ||| qw: God list: Okawaru
     0 | D:1      | 0 ||| qw: Allow faded altars: false
     0 | D:1      | 0 ||| qw: Do Orc after D:15 true
     0 | D:1      | 0 ||| qw: Do second Lair branch before Depths: true
     0 | D:1      | 0 ||| qw: Lair rune preference: random
     0 | D:1      | 0 ||| qw: Plans: Normal
     0 | D:1      | 0 ||| PLANNING D:1-11
   182 | D:1      | Reached XP level 2. HP: 14/16 MP: 4/4
   183 | D:1      | Reached skill level 6 in Ranged Weapons
   808 | D:1      | 808 ||| READING 2 scrolls labelled MAGHOL PEIF.
   809 | D:1      | 809 ||| READING scroll labelled GOXESHR GUTI.
   810 | D:1      | 810 ||| READING scroll labelled CUD UQODWEQ.
   811 | D:1      | 811 ||| READING scroll labelled ITUXIQ PATAO.
   812 | D:1      | 812 ||| DRINKING 3 coppery potions.
   813 | D:1      | 813 ||| DROPPING scroll of butterflies.
   814 | D:1      | 814 ||| DROPPING 2 potions of brilliance.
   815 | D:1      | HP: 2/16 [poisoned by you (poison gas)]
   816 | D:1      | 816 ||| Stepping ~*~*~tactically~*~*~ (cloud).
   816 | D:1      | Succumbed to their own poison gas

Levels and vault maps discovered:
D:1:      tarquinn_simple_flora_water_e, layout_loops_corners,
          minmay_pentomino_w4

Skill      XL: |  1  2 |
---------------+-------+-----
Ranged Weapons | 6 |  6.3
Fighting       | |  1.5
Dodging        | |  2.4
Stealth        | |  1.2

Action                     || total
---------------------------++-------
   Fire: Shortbow          ||    53
    Use: Scroll            ||     4
         Potion            ||     1
 Armour: Leather armour    ||     9
  Dodge: Dodged            ||    16

Table legend:
 A = Non-vault XP
 B = Vault XP
 C = Vault XP percentage of total XP
 D = Non-vault monster count
 E = Vault monster count
 F = Vault count percentage of total count
                 A         B        C        D         E       F
            +---------+---------+-------+---------+---------+-------
      Total |      17 |      11 |  39.3 |      11 |       8 |  42.1
            +---------+---------+-------+---------+---------+-------
        D:1 |      17 |      11 |  39.3 |      11 |       8 |  42.1
            +---------+---------+-------+---------+---------+-------
